Map: [ESL] Oceanborn

Players

Bunny

  • Race: Terran Terran
  • Spawn Location: 11:00

Oliveira - Winner!

  • Race: Terran Terran
  • Spawn Location: 5:00

Event: IEM Katowice 2024

VOD

Have the link to the VOD?

Description

Time

  • Played on: Feb. 8, 2024, 9:05 a.m.
  • Length: 12:33

All games in this series

Show
View Real Time Build Order
Export as new Build Order

Bunny Terran 

Build Orders: Cyclone Opening 

Get SALT Encoding   

  12  0:00  SCV  
  13  0:12  SCV  
  14  0:17  Supply Depot  
  14  0:24  SCV  
  15  0:38  SCV  
  15  0:39  Barracks  
  15  0:42  Refinery  
  16  0:50  SCV  
  16  0:52  Refinery  
  17  1:02  SCV  
  18  1:15  SCV  
  19  1:26  Reaper  
  19  1:27  Orbital Command  
  20  1:33  Supply Depot  
  20  1:40  Factory  
  20  1:53  SCV  
  21  1:58  Reaper  
  22  2:05  SCV  
  23  2:15  Command Center  
  23  2:17  SCV  
  24  2:23  Hellion  
  24  2:29  SCV  
  27  2:33  Starport  
  27  2:39  Supply Depot  
  27  2:41  SCV  
  28  2:44  Barracks Reactor  
  28  2:52  Cyclone  
  28  2:56  SCV  
  31  3:08  SCV  
  31  3:15  Medivac  
  32  3:20  SCV  
  32  3:23  Marine x2  
  32  3:24  Factory Tech Lab  
  32  3:26  Orbital Command  
  35  3:30  Refinery  
  35  3:32  SCV  
  36  3:41  Marine x2  
  36  3:44  SCV  
  39  3:49  Factory Tech Lab  
  39  3:51  Raven  
  39  3:52  Interference Matrix, SCV  
  42  3:56  SCV  
  42  3:59  Marine x2  
  42  4:00  Supply Depot  
  45  4:04  SCV  
  45  4:08  Siege Tank  
  45  4:09  SCV  
  50  4:16  Supply Depot  
  50  4:17  Marine  
  50  4:21  Marine  
  50  4:23  SCV x2  
  48  4:32  Raven  
  48  4:34  Marine  
  48  4:35  SCV x2  
  51  4:38  Marine  
  55  4:45  Siege Tank  
  55  4:48  SCV x2  
  55  4:52  Command Center, Marine  
  57  4:56  Marine  
  57  4:59  Supply Depot  
  59  5:00  SCV x2  
  59  5:07  Raven  
  63  5:10  Marine  
  63  5:13  SCV x2  
  66  5:14  Marine  
  66  5:16  Supply Depot  
  66  5:18  Siege Tank  
  70  5:25  SCV  
  70  5:26  SCV  
  70  5:28  Marine  
  73  5:32  Marine  
  73  5:33  Supply Depot  
  74  5:39  Barracks, Refinery  
  74  5:41  SCV x2  
  76  5:46  Barracks  
  76  5:50  Siege Tank  
  76  5:55  SCV x2  
  81  6:00  Viking x2  
  81  6:02  Marine  
  81  6:03  Stimpack  
  86  6:05  Orbital Command  
  86  6:07  SCV x2  
  88  6:15  Engineering Bay  
  88  6:16  Engineering Bay  
  88  6:22  Siege Tank  
  88  6:26  Orbital Command  
  88  6:27  Barracks Tech Lab  
  88  6:35  Barracks Reactor  
  88  6:36  SCV x2, Marauder  
  88  6:37  Barracks  
  88  6:38  Barracks  
  92  6:46  Combat Shield, Marauder  
  94  6:51  SCV x2  
  94  6:52  SCV  
  95  6:54  Refinery  
  95  6:56  Refinery  
  95  6:57  Marauder, Medivac  
  95  7:00  Supply Depot  
  99  7:01  Supply Depot  
  99  7:03  SCV x2  
  99  7:05  Medivac, SCV  
  99  7:08  Marauder  
  106  7:15  Supply Depot  
  106  7:16  Siege Tank, Supply Depot  
  106  7:18  Missile Turret  
  106  7:21  SCV x2  
  106  7:22  Marauder  
  113  7:24  Marine x2  
  113  7:25  Barracks Tech Lab  
  113  7:27  Barracks Reactor  
  115  7:34  SCV x3  
  115  7:36  Terran Infantry Weapons Level 1  
  118  7:38  Supply Depot  
  118  7:39  Terran Infantry Armor Level 1  
  118  7:43  Concussive Shells  
  117  7:46  Marauder x3  
  117  7:48  Marine x2  
  125  7:52  Siege Tank  
  125  7:55  SCV  
  125  7:56  SCV  
  125  7:57  SCV  
  131  8:03  Medivac  
  131  8:05  Marine x2  
  134  8:06  Marine  
  134  8:07  Marine, Marauder x2  
  143  8:15  Command Center  
  137  8:20  Supply Depot  
  137  8:22  Marauder  
  127  8:36  Marine x3, Marauder x2  
  127  8:38  Siege Tank  
  118  8:43  Marauder  
  111  8:53  Marine  
  111  8:54  Marine  
  102  8:57  Marauder x2, Medivac x2  
  102  9:00  Marine  
  106  9:04  Marine  
  106  9:05  Marauder  
  106  9:07  Armory, SCV x2  
  106  9:08  SCV  
  112  9:10  Siege Tank  
  112  9:15  Marine  
  116  9:18  Marauder x2  
  116  9:19  Marine x2  
  116  9:22  SCV x2  
  116  9:23  SCV  
  125  9:28  Orbital Command  
  125  9:31  Medivac x2  
  127  9:38  Marauder  
  131  9:39  Marine x2  
  131  9:40  Marauder  
  131  9:44  Marine x2  
  137  9:46  Siege Tank  
  135  9:54  Marauder  
  135  9:59  Marauder  
  135  10:00  Terran Infantry Weapons Level 2, Medivac  
  135  10:01  Marauder  
  139  10:11  Marine x2  
  140  10:16  Marauder  
  140  10:18  Siege Tank, Marine x2  
  147  10:23  Marauder  
  147  10:24  Marauder  
  147  10:26  SCV x4  
  155  10:33  Terran Vehicle Weapons Level 1  
  155  10:34  Marine x2  
  157  10:37  Marauder, Starport  
  157  10:39  Starport  
  159  10:47  Medivac x2  
  162  10:50  Siege Tank, Marauder  
  167  11:00  Marine x4  
  149  11:06  Barracks  
  149  11:07  Barracks, Marauder x2  
  143  11:18  Viking x2  
  143  11:21  Viking  
  143  11:22  Siege Tank  
  143  11:23  Viking  
  136  11:39  Marauder x2  
  128  11:42  Marine x5  
  133  11:48  Viking x2  
  133  11:51  Viking  
  133  11:53  Viking  
  138  11:54  Siege Tank  
  138  11:59  Marine  
  138  12:01  Marauder x3  
Show
View Real Time Build Order
Export as new Build Order

Oliveira Terran - Winner!

Build Orders: Cyclone Opening, Reaper Expand, Mech 

Get SALT Encoding   

  12  0:00  SCV  
  13  0:12  SCV  
  14  0:17  Supply Depot  
  14  0:25  SCV  
  15  0:38  SCV  
  15  0:39  Barracks  
  16  0:43  Refinery  
  16  0:50  SCV  
  17  1:03  SCV  
  18  1:15  SCV  
  19  1:28  Orbital Command, Reaper  
  20  1:41  Command Center  
  20  1:51  Supply Depot  
  20  1:53  SCV  
  21  1:59  Marine  
  22  2:06  SCV  
  23  2:09  Factory  
  23  2:17  Marine  
  23  2:18  SCV  
  23  2:19  Refinery  
  25  2:30  SCV  
  26  2:37  Barracks Reactor  
  26  2:42  SCV  
  27  2:52  Cyclone  
  27  2:54  Orbital Command  
  27  2:56  SCV  
  29  3:02  Starport  
  27  3:15  SCV  
  28  3:20  SCV  
  28  3:27  SCV  
  30  3:28  Command Center  
  30  3:32  SCV  
  31  3:37  Cyclone x2  
  31  3:40  SCV  
  36  3:44  Medivac  
  36  3:47  Supply Depot  
  38  3:48  SCV  
  38  3:52  Refinery  
  38  3:53  SCV  
  40  4:01  SCV  
  41  4:05  Barracks Tech Lab  
  41  4:06  SCV  
  41  4:09  Cyclone x2  
  46  4:13  SCV  
  47  4:18  SCV  
  45  4:25  SCV  
  45  4:26  Starport Tech Lab  
  45  4:30  SCV  
  47  4:37  SCV  
  48  4:41  Orbital Command  
  48  4:42  SCV  
  48  4:44  Cyclone x2  
  48  4:45  Raven  
  55  4:49  SCV  
  55  4:50  Refinery  
  55  4:52  Interference Matrix  
  56  4:54  SCV  
  56  4:58  Supply Depot  
  57  5:01  SCV  
  57  5:06  SCV  
  59  5:08  Orbital Command, Factory  
  59  5:13  SCV  
  60  5:18  SCV  
  60  5:19  Cyclone x2  
  65  5:24  Supply Depot  
  65  5:25  SCV, Supply Depot  
  66  5:30  SCV  
  66  5:32  Raven  
  69  5:35  SCV  
  69  5:37  SCV  
  69  5:41  Factory  
  69  5:42  SCV  
  72  5:48  SCV  
  72  5:49  SCV  
  74  5:52  Hellion x2  
  74  5:54  Siege Tank, SCV  
  82  6:00  SCV  
  82  6:02  Barracks Reactor, SCV  
  84  6:06  Supply Depot, Refinery x2  
  84  6:07  SCV  
  85  6:12  SCV  
  85  6:15  SCV  
  87  6:27  Viking, Siege Tank  
  87  6:28  Hellion  
  87  6:29  Hellion, SCV x2  
  87  6:30  SCV  
  99  6:34  Supply Depot x2  
  99  6:41  SCV  
  99  6:42  Factory, SCV  
  99  6:43  Armory  
  99  6:44  Factory  
  101  6:55  Siege Tank, SCV  
  101  6:56  Hellion x2, SCV  
  101  6:58  Supply Depot, Engineering Bay  
  110  7:02  SCV  
  110  7:06  Siege Tank  
  115  7:08  SCV  
  115  7:10  SCV  
  116  7:19  Supply Depot  
  116  7:20  Viking x2, Hellion, SCV  
  123  7:25  SCV  
  123  7:27  Sensor Tower  
  123  7:29  Factory Reactor  
  124  7:33  Terran Vehicle Weapons Level 1, SCV  
  124  7:34  Factory Tech Lab  
  125  7:37  Siege Tank, Supply Depot, SCV  
  125  7:39  Infernal Pre-Igniter  
  125  7:41  SCV  
  130  7:46  Siege Tank, Hellion  
  130  7:51  SCV  
  134  7:55  SCV  
  135  8:02  Viking x2  
  135  8:04  Command Center  
  137  8:13  Siege Tank, Hellion x2  
  144  8:25  Siege Tank  
  139  8:32  Siege Tank  
  104  8:43  Viking, Hellion x2  
  104  8:45  Siege Tank  
  104  8:47  SCV x2  
  105  8:50  SCV  
  105  8:55  Hellion  
  96  8:57  Siege Tank  
  96  8:59  SCV x2  
  96  9:00  Hellion  
  96  9:02  SCV  
  104  9:10  Siege Tank, Hellion x2  
  104  9:11  SCV x2  
  104  9:12  Hurricane Engines  
  104  9:14  SCV  
  104  9:16  Viking x2  
  118  9:23  SCV x2  
  120  9:24  Missile Turret  
  120  9:25  Missile Turret  
  120  9:26  SCV  
  120  9:27  Siege Tank  
  120  9:29  Hellion x2  
  128  9:33  Hellion  
  128  9:35  SCV x2  
  131  9:38  SCV  
  131  9:42  Terran Vehicle Weapons Level 2  
  131  9:49  SCV  
  131  9:51  SCV  
  125  9:53  Siege Tank  
  125  9:54  Hellion x2  
  125  9:59  Hellion  
  130  10:02  SCV  
  130  10:04  SCV x2  
  130  10:05  Siege Tank  
  136  10:14  Siege Tank  
  139  10:18  Hellion  
  141  10:24  Missile Turret  
  141  10:25  Siege Tank  
  141  10:26  Hellion x2, SCV  
  141  10:27  Missile Turret  
  149  10:33  SCV x2  
  149  10:34  Sensor Tower  
  151  10:45  Viking x2  
  151  10:48  SCV x2  
  155  11:00  Siege Tank  
  158  11:06  Supply Depot x2  
  158  11:08  Siege Tank  
  157  11:13  SCV  
  157  11:17  SCV  
  157  11:23  Cyclone  
  157  11:25  Command Center  
  157  11:28  Hellion x2, Siege Tank, Cyclone  
  159  11:39  Siege Tank  
  154  11:41  Hellion  
  154  11:53  Hellion x2  
  148  12:14  SCV  
  137  12:16  SCV  
  152  12:32  Refinery  

Tags
 
Add a new tag
Caveats
  • Supply blocks, unpowered buildings, or Contaminate may cause inaccurate times.
  • Supply counts are checked every 10 seconds.